 Dungeon Crawl Stone Soup version 0.27.0-1-g7a089689b8 (webtiles) character file.

Game seed: 6559068720141607106

418 ryw the Insei (level 6, 0/48 HPs)
             Began as a Demonspawn Monk on Aug 12, 2021.
             Was a Believer of Makhleb.
             Slain by a mummy (2 damage)
             ... on level 4 of the Dungeon.
             The game lasted 00:12:03 (5120 turns).

ryw the Insei (Demonspawn Monk)                     Turns: 5120, Time: 00:12:03

Health: 0/48       AC: 12    Str: 13    XL:     6   Next: 61%
Magic:  6/6        EV: 12    Int: 11    God:    Makhleb [**....]
Gold:   177        SH:  8    Dex: 16    Spells: 5/5 levels left

rFire    + . .     SeeInvis .     - Unarmed
rCold    + + .     Faith    .   d - +0 kite shield
rNeg     . . .     Spirit   .   c - +2 scale mail {rC+}
rPois    +         Reflect  .   (no helmet)
rElec    +         Harm     .   g - scarf {shadows}
rCorr    +         Rampage  .   (no gloves)
Will     .....                  h - +0 pair of boots
Stlth    +.........             (no amulet)
HPRegen  0.16/turn              (no ring)
MPRegen  0.10/turn              (no ring)

@: agile, resistant
A: claws 1, slimy green scales 2, powered by pain 1
a: Renounce Religion, Minor Destruction


You were on level 4 of the Dungeon.
You worshipped Makhleb.
Makhleb was pleased with you.
You visited 1 branch of the dungeon, and saw 4 of its levels.
You also visited: Ossuary.

You collected 177 gold pieces.

Inventory:

Missiles
 r - 18 poisoned darts
Armour
 c - a +2 scale mail of cold resistance (worn)
 d - a +0 kite shield (worn)
 g - a scarf of shadows (worn)
 h - a +0 pair of boots (worn)
Wands
 q - a wand of mindburst (9)
Scrolls
 e - 5 scrolls of identify {unknown}
 j - a scroll of teleportation {unknown}
 o - a scroll of fog {unknown}
 s - a scroll of silence {unknown}
 t - a scroll of fear {unknown}
 u - a scroll of magic mapping {unknown}
Potions
 a - 3 potions of haste
 b - 3 potions of attraction {unknown}
 f - a potion of berserk rage {unknown}
 i - a potion of degeneration {unknown}
 k - 2 potions of curing {unknown}
 l - a potion of brilliance {unknown}
 m - a potion of flight {unknown}
 n - a potion of lignification {unknown}
 p - a potion of resistance


   Skills:
 - Level 4.0 Fighting
 + Level 2.6 Armour
 - Level 2.6 Dodging
 - Level 1.7 Stealth
 + Level 2.6 Shields
 * Level 4.8 Unarmed Combat


You had 5 spell levels left.
You didn't know any spells.
Your spell library contained the following spells:

 Spells                   Type           Power      Damage    Failure   Level
 Inner Flame              Hex/Fire       0%         N/A       100%        3
 Animate Armour           Summ/Erth      0%         N/A       100%        4
 Cause Fear               Hex            0%         N/A       100%        4
 Blade Hands              Tmut           0%         N/A       100%        5
 Iron Shot                Conj/Erth      0%         9d1       100%        6
 Discord                  Hex            0%         N/A       100%        8


Dungeon Overview and Level Annotations

Branches:
Dungeon (4/15)            Ossuary (visited)
 Temple: D:4-7

Altars:
Cheibriados
Makhleb

Shops:
D:2 (

Annotations:
D:4 2 runed translucent doors


Innate Abilities, Weirdness & Mutations

You have sharp fingernails.
You are mostly covered in slimy green scales. (AC +3)
You sometimes gain a little power by taking damage.


Message History

The hobgoblin zombie hits you but does no damage.
There is a gate leading back out of this place here.
You scratch the hobgoblin zombie but do no damage.
You block the hobgoblin zombie's attack.
You scratch the hobgoblin zombie.
The hobgoblin zombie is lightly damaged.
The hobgoblin zombie barely misses you.
You scratch the hobgoblin zombie.
The hobgoblin zombie is heavily damaged.
The mummy barely misses you.
You block the hobgoblin zombie's attack.
You scratch the hobgoblin zombie but do no damage.
The hobgoblin zombie is heavily damaged.
The hobgoblin zombie hits you but does no damage.
You block the mummy's attack. The mummy hits you.
You claw the hobgoblin zombie!
You destroy the hobgoblin zombie!
Makhleb accepts your kill.
You feel better. You block the mummy's attack. The mummy barely misses you.
You barely miss the mummy. You barely miss the mummy. The mummy hits you!
The mummy hits you.
You claw the mummy!
The mummy is moderately damaged.
The mummy hits you. The mummy hits you!
You scratch the mummy.
The mummy is heavily damaged.
The mummy hits you!
* * * LOW HITPOINT WARNING * * *
You focus on the pain.
You feel agile all of a sudden. The mummy barely misses you.
Welcome back to the Dungeon!
Level annotation: 2 runed translucent doors The goblin zombie misses you.
You block the rat zombie's attack.
There is a collapsed entrance here.
Unknown command.
It was a potion of resistance.
You feel protected. You block the mummy's attack. The mummy hits you.
You die...

#. (# #. ######.#
##.##### #......#
#......###.######
#..........#
#...######.#
#...#....#.#
#...###MZ#.#
#.......@#.##
#...###MZ#..# #
###.#....#..# #
#.######..# #
#..(......#
####.####.###### #
#............ .
###.################
#.# #......


You could see 2 mummies, a rat zombie and a goblin zombie.

Vanquished Creatures
  A sky beast (D:3)
  A water moccasin zombie (D:4)
  A hound (D:4)
  2 mummies (Ossuary)
  4 gnolls
  8 adders
  An ufetubus (D:4)
  An adder skeleton (D:4)
  4 dart slugs
  2 orcs (D:4)
  11 endoplasms
  2 giant cockroaches (D:1)
  3 gnoll zombies (Ossuary)
  3 goblins
  5 hobgoblins
  9 jackals
  A quokka (D:4)
  9 ball pythons
  3 bats
  3 frilled lizards
  3 hobgoblin zombies (Ossuary)
  12 kobolds
  A kobold zombie (Ossuary)
  An orc zombie (Ossuary)
  6 rats
97 creatures vanquished.

Notes
Turn   | Place    | Note
-------+----------+-------------------------------------------
     0 | D:1      | ryw the Demonspawn Monk began the quest for the Orb.
     0 | D:1      | Reached XP level 1. HP: 18/18 MP: 1/1
   305 | D:1      | Gained mutation: You are partially covered in slimy green
                  | scales. (AC +2) [demonic ancestry]
   305 | D:1      | Reached XP level 2. HP: 21/24 MP: 2/2
   840 | D:1      | Found Anuugiug's Weapon Boutique.
  1159 | D:1      | Gained mutation: You have sharp fingernails. [demonic
                  | ancestry]
  1159 | D:1      | Reached XP level 3. HP: 30/30 MP: 3/3
  1830 | D:2      | Reached skill level 1 in Armour
  1830 | D:2      | Reached skill level 1 in Shields
  1874 | D:2      | Gained mutation: You sometimes gain a little power by
                  | taking damage. [demonic ancestry]
  1874 | D:2      | Reached XP level 4. HP: 13/37 MP: 4/4
  2383 | D:2      | Found Feic's Antique Weapon Emporium.
  2750 | D:3      | Found a burning altar of Makhleb.
  2757 | D:3      | Became a worshipper of Makhleb the Destroyer
  2757 | D:3      | Reached * piety under Makhleb
  2757 | D:3      | Reached ** piety under Makhleb
  3005 | D:3      | Noticed a sky beast
  3389 | D:2      | Reached XP level 5. HP: 13/42 MP: 5/5
  4062 | D:3      | Killed a sky beast
  4355 | D:4      | Found a runed translucent gate.
  4355 | D:4      | Found a runed translucent gate.
  4399 | D:4      | Gained mutation: You are mostly covered in slimy green
                  | scales. (AC +3) [demonic ancestry]
  4399 | D:4      | Reached XP level 6. HP: 45/48 MP: 6/6
  4512 | D:4      | Found a snail-covered altar of Cheibriados.
  4888 | D:4      | Found a sand-covered staircase.
  4895 | Ossuary  | Entered an ossuary
  5117 | Ossuary  | HP: 2/48 [mummy (15)]
  5120 | D:4      | Slain by a mummy

Illustrated notes

Levels and vault maps discovered:
D:1:      psy_arrival_dodecagon, layout_basic, serial_shops, shop_fountains
D:2:      layout_loops_ring, serial_shops, nicolae_shop_waterfront,
          minmay_quadrilaterals
D:3:      layout_rooms, bloody_makhleb
D:4:      layout_basic, kennysheep_slug_shrine, enter_ossuary_4,
          gammafunk_ghost_split, kennysheep_nondescript

Skill      XL: |  1  2  3  4  5 |
---------------+----------------+-----
Fighting       | 4 |  4.0
Unarmed Combat | 3 4 |  4.8
Armour         | 1 2 |  2.6
Shields        | 1 2 |  2.6
Dodging        | |  2.6
Stealth        | |  1.7

Action                   |  1- 3 |  4- 6 || total
-------------------------+-------+-------++-------
Melee: Unarmed           |   242 |   275 ||   517
Throw: Dart              |       |     8 ||     8
Invok: Minor Destruction |       |     2 ||     2
  Use: Potion            |     1 |     1 ||     2
Armor: Scale mail        |   129 |   125 ||   254
Dodge: Dodged            |    80 |    82 ||   162
Block: Kite shield       |    73 |   103 ||   176
